 Dungeon Crawl Stone Soup version 0.27.0-1-g7a089689b8 (webtiles) character file.

Game seed: 930199876575057418

147 horus123 the Slasher (level 4, -1/37 HPs)
             Began as a Demigod Gladiator on Aug 17, 2021.
             Slain by an orc wizard (3 damage)
             ... on level 3 of the Dungeon.
             The game lasted 00:05:27 (3503 turns).

horus123 the Slasher (Demigod Gladiator)            Turns: 3503, Time: 00:05:28

Health: -1/37      AC:  4    Str: 19    XL:     4   Next: 80%
Magic:  8/8        EV: 13    Int: 10    God:
Gold:   109        SH:  0    Dex: 15    Spells: 5/5 levels left

rFire    + . .     SeeInvis .   a - +0 long sword
rCold    . . .     Faith    .   (no shield)
rNeg     . . .     Spirit   .   b - +0 leather armour
rPois    .         Reflect  .   c - +0 helmet
rElec    .         Harm     .   (no cloak)
rCorr    .         Rampage  .   (no gloves)
Will     .....                  (no boots)
Stlth    ++........             (no amulet)
HPRegen  0.12/turn              f - ring of protection from fire
MPRegen  0.11/turn              (no ring)

@: about to teleport
A: high mp 1, forlorn
a: no special abilities


You were on level 3 of the Dungeon.
You visited 1 branch of the dungeon, and saw 3 of its levels.

You collected 109 gold pieces.

Inventory:

Hand Weapons
 a - a +0 long sword (weapon)
Missiles
 d - a throwing net (quivered)
Armour
 b - a +0 leather armour (worn)
 c - a +0 helmet (worn)
Jewellery
 f - a ring of protection from fire (left hand)
Scrolls
 e - 5 scrolls of identify
 i - a scroll of fear {unknown}
Potions
 h - a potion of haste {unknown}


   Skills:
 + Level 2.3 Fighting
 + Level 3.6 Long Blades
 + Level 1.7 Throwing
 - Level 0.6 Armour
 * Level 3.3 Dodging
 + Level 2.0 Stealth
 * Level 1.0 Spellcasting


You had 5 spell levels left.
You didn't know any spells.
Your spell library was empty.

Dungeon Overview and Level Annotations

Branches:
Dungeon (3/15)


Innate Abilities, Weirdness & Mutations

Your attributes grow dramatically as you level up.
You have an increased reservoir of magic. (+10% MP)
You shall have no god before yourself.


Message History

You completely miss the orc wizard.
The orc wizard is heavily wounded.
The orc wizard hits you with a +0 dagger.
* * * LOW HITPOINT WARNING * * *
You closely miss the orc wizard.
The orc wizard is heavily wounded.
The orc wizard gestures at you while chanting.
You are confused.
You bump into the rock wall.
The orc wizard casts a spell.
The orc wizard flickers and vanishes!
Deactivating autopickup; reactivate with Ctrl-A.
You miss something.
You hear some strange, mumbled words.
A magic dart appears from out of thin air!
The magic dart hits you.
* * * LOW HITPOINT WARNING * * *
You closely miss something.
You hear some strange, mumbled words.
A puff of flame appears from out of thin air!
The puff of flame hits you but does no damage.
The orc throws a boomerang.
The boomerang barely misses you. Something barely misses you.
You bump into the rock wall.
Something barely misses you.
You bump into the rock wall.
Something hits you.
* * * LOW HITPOINT WARNING * * *
You closely miss something.
You feel less confused. Something hits you.
* * * LOW HITPOINT WARNING * * *
You miss something. Something hits you but does no damage.
You miss something. Something hits you but does no damage.
The orc throws a boomerang.
The boomerang hits you.
* * * LOW HITPOINT WARNING * * *
You barely miss something. Something hits you.
* * * LOW HITPOINT WARNING * * *
As you read the scroll of teleportation, it crumbles to dust.
You feel strangely unstable. Something hits you but does no damage.
Something hits you.
You die...

#.......##8
###.......##.
..#.......#>.
#.#..o######.
#.#...# #.#...#
#.#...# ###
#######.#...####.#
#.@.o)oo....'<...#
#.######.....######
#.# #....#.#.####..
#.# #.####.#..##...
#.# #.#............
#.###...###########
#........#...#.#...
######...#.#.#.#.#.
#.............


You could see 3 orcs.

Vanquished Creatures
  Jessica (D:2)
  5 adders
  An orc (D:3)
  5 ball pythons
  4 endoplasms
  3 giant cockroaches (D:2)
  6 goblins
  7 hobgoblins
  8 jackals
  7 quokkas
  6 bats
  3 frilled lizards
  7 kobolds
  4 rats
67 creatures vanquished.

Vanquished Creatures (others)
  9 fungi (D:3)
  4 plants (D:3)
13 creatures vanquished.

Grand Total: 80 creatures vanquished

Notes
Turn   | Place    | Note
-------+----------+-------------------------------------------
     0 | D:1      | horus123 the Demigod Gladiator began the quest for the Orb.
     0 | D:1      | Reached XP level 1. HP: 17/17 MP: 3/3
   257 | D:1      | Reached XP level 2. HP: 21/24 MP: 4/4
  1228 | D:1      | Reached XP level 3. HP: 27/29 MP: 5/5
  1620 | D:2      | HP: 1/29 [poisoned by an adder]
  2180 | D:2      | Reached XP level 4. HP: 32/36 MP: 7/7
  2269 | D:2      | Noticed Jessica
  2276 | D:2      | Killed Jessica
  2277 | D:2      | Reached skill level 1 in Stealth
  3463 | D:3      | Reached skill level 1 in Spellcasting
  3503 | D:3      | Slain by an orc wizard

Illustrated notes

Levels and vault maps discovered:
D:1:      dpeg_arrival_pits, layout_basic
D:2:      layout_basic, uniq_jessica
D:3:      layout_basic, nicolae_overflow_hidden_temple,
          shapermc_ecumenical_altar_mp_urbaneastern, uniq_grinder, uniq_terence

Skill      XL: |  1  2  3  4 |
---------------+-------------+-----
Dodging        | 3 |  3.3
Long Blades    | 3 |  3.6
Fighting       | 2 |  2.3
Stealth        | 2 |  2.0
Spellcasting   | 1 |  1.0
Throwing       | |  1.7
Armour         | |  0.6

Action                   |  1- 3 |  4- 6 || total
-------------------------+-------+-------++-------
Melee: Long sword        |   121 |    87 ||   208
Throw: Throwing net      |     2 |       ||     2
  Use: Scroll            |     2 |     1 ||     3
 Stab: Sleeping          |     3 |     4 ||     7
Armor: Leather armour    |    36 |    23 ||    59
Dodge: Dodged            |    96 |    62 ||   158
       Rpst.: Long sword |    20 |    22 ||    42
